 Dungeon Crawl Stone Soup version 0.18.1-47-g9310371 (webtiles) character file.

128 sveltemanboy the Chucker (level 5, 0/53 HPs)
             Began as an Ogre Hunter on June 19, 2016.
             Slain by an adder (2 damage)
             ... on level 3 of the Dungeon.
             The game lasted 00:06:04 (2539 turns).

sveltemanboy the Chucker (Ogre Hunter)              Turns: 2539, Time: 00:06:05

Health: 0/53       AC:  3    Str: 18    XL:     5   Next: 11%
Magic:  5/5        EV: 15    Int: 10    God:
Gold:   84         SH:  0    Dex: 15    Spells: 0 memorised, 4 levels left

rFire  . . .     SeeInvis .     m - +0 whip
rCold  . . .     Gourm    .     b - +0 robe
rNeg   . . .     Faith    .     (no shield)
rPois  .         Spirit   .     (helmet restricted)
rElec  .         Dismiss  .     (no cloak)
rCorr  .         Reflect  .     (gloves unavailable)
SustAt .         Harm     .     (boots unavailable)
MR     .....                    (no amulet)
Stlth  +++.......               (no ring)
                                (no ring)

@: agile, lethally poisoned (0 -> -3), not resistant to hostile enchantments,
fairly stealthy
A: unfitting armour, tough skin 1
a: no special abilities


You were on level 3 of the Dungeon.
You were not hungry.

You visited 1 branch of the dungeon, and saw 3 of its levels.

You collected 84 gold pieces.

Inventory:

Hand Weapons
 m - a +0 whip (weapon)
Missiles
 a - 106 stones
 c - 2 large rocks (quivered)
 d - 2 throwing nets
 l - 2 javelins
Armour
 b - a +0 robe (worn)
Scrolls
 e - a scroll of identify {unknown}
 g - a scroll of amnesia {unknown}
Potions
 j - a potion of heal wounds {unknown}
 n - a potion of invisibility {unknown}
 q - a potion of flight {unknown}
 s - a potion of berserk rage {unknown}
 t - a potion of degeneration {unknown}
 u - a potion of lignification {unknown}
Comestibles
 f - 2 bread rations
 k - 2 slices of pizza
 o - 2 meat rations
 p - a chunk of flesh
 r - 4 fruits


   Skills:
 - Level 3.0 Fighting
 * Level 3.6 Maces & Flails
 + Level 4.6 Throwing
 + Level 1.9 Armour
 - Level 1.8 Dodging
 - Level 0.7 Stealth


You had 4 spell levels left.
You didn't know any spells.

Dungeon Overview and Level Annotations

Branches:
Dungeon (3/15)

Altars:
Gozag
Trog
Yredelemnul


Innate Abilities, Weirdness & Mutations

You are too large for most types of armour.
You have tough skin (AC +1).


Message History

The adder barely misses you.
You closely miss the iguana.
The iguana is almost dead.
The iguana bites you!
* * * LOW HITPOINT WARNING * * *
The adder bites you.
* * * LOW HITPOINT WARNING * * *
You barely miss the iguana.
The iguana is almost dead.
The adder bites you.
* * * LOW HITPOINT WARNING * * *
The iguana closely misses you.
You hit the iguana.
You kill the iguana!
You have reached level 5!
The adder bites you.
* * * LOW HITPOINT WARNING * * *
You are lethally poisoned!
The adder poisons you! The adder bites you.
You die...

... # ###### .... ##
.##....##+##(... ...
...........(... ....
#....#.....##+#
###..##.!..#..(..##.#
..(..(S.).('.....##.#
.##@(..#.....##.#
######.....##.#
#.....##.# #.....##.#
...# ###'#####.####
..#
########.............
..#
#..............#.####
..#
#..............#.####
#.#
#..............#.รท...


You could see an adder.

Vanquished Creatures
  An iguana (D:3)
  2 adders
  An ooze (D:2)
  2 worms
  4 dart slugs
  A giant gecko (D:1)
  9 bats
  6 giant cockroaches
  9 goblins
  8 hobgoblins
  3 jackals (D:3)
  A ball python (D:2)
  5 giant newts
  7 kobolds
  7 rats
66 creatures vanquished.

Notes
Turn   | Place    | Note
--------------------------------------------------------------
     0 | D:1      | sveltemanboy the Ogre Hunter began the quest for the Orb.
     0 | D:1      | Reached XP level 1. HP: 22/22 MP: 1/1
   148 | D:1      | Reached XP level 2. HP: 31/31 MP: 2/2
   443 | D:1      | Reached skill level 1 in Maces & Flails
   541 | D:1      | Reached skill level 1 in Armour
   666 | D:1      | Reached XP level 3. HP: 37/37 MP: 3/3
  1479 | D:2      | Reached XP level 4. HP: 45/45 MP: 4/4
  1531 | D:2      | Found a basalt altar of Yredelemnul.
  1534 | D:2      | Found an opulent altar of Gozag.
  1534 | D:2      | Found a bloodstained altar of Trog.
  2533 | D:3      | HP: 2/45 [iguana (3)]
  2539 | D:3      | Reached XP level 5. HP: 4/53 MP: 5/5
  2539 | D:3      | HP: 2/53 [adder (2)]
  2539 | D:3      | Slain by an adder

Skill      XL: |  1  2  3  4 |
---------------+-------------+-----
Fighting       | 3 |  3.0
Maces & Flails | 1 2 3 |  3.6
Armour         | 1 |  1.9
Throwing       | |  4.6
Dodging        | |  1.8
Stealth        | |  0.7

Action                   |  1- 3 |  4- 6 || total
-------------------------+-------+-------++-------
Melee: Unarmed           |     8 |       ||     8
       Club              |    52 |       ||    52
       Whip              |    40 |   102 ||   142
Throw: Stone             |    46 |       ||    46
       Javelin           |     1 |    16 ||    17
       Large rock        |     1 |     5 ||     6
  Use: Potion            |       |     2 ||     2
 Stab: Sleeping          |     1 |     1 ||     2
  Eat: Chunk             |     2 |     3 ||     5
Armor: Robe              |    23 |    15 ||    38
Dodge: Dodged            |    39 |    56 ||    95
